 Dungeon Crawl Stone Soup version 0.23.0 (webtiles) character file.

Game seed: 3132546814893296236

733 Majang the Chopper (level 7, 0/61 HPs)
             Began as a Minotaur Fighter on Feb 12, 2019.
             Was a Follower of Makhleb.
             Slain by a gnoll (3 damage)
             ... on level 4 of the Dungeon.
             The game lasted 00:14:14 (3305 turns).

Majang the Chopper (Minotaur Fighter)               Turns: 3305, Time: 00:14:15

Health: 0/61       AC: 12    Str: 22    XL:     7   Next: 45%
Magic:  6/7        EV:  5    Int:  5    God:    Makhleb [*.....]
Gold:   136        SH: 11    Dex: 10    Spells: 6/6 levels left

rFire    . . .     SeeInvis .   a - +0 war axe
rCold    . . .     Gourm    .   c - +1 shield
rNeg     . . .     Faith    .   w - +0 plate armour
rPois    .         Spirit   .   (helmet restricted)
rElec    .         Reflect  .   (no cloak)
rCorr    .         Harm     .   (no gloves)
MR       .....                  (no boots)
Stlth    ..........             (no amulet)
HPRegen  0.20/turn              (no ring)
MPRegen  0.10/turn              (no ring)

@: no status effects
A: retaliatory headbutt, horns 2
a: Renounce Religion


You were on level 4 of the Dungeon.
You worshipped Makhleb.
Makhleb was aware of your devotion.
You were very hungry.

You visited 2 branches of the dungeon, and saw 5 of its levels.

You collected 136 gold pieces.

Inventory:

Hand Weapons
 a - a +0 war axe (weapon)
Missiles
 i - 3 tomahawks (quivered)
 q - 2 javelins
Armour
 b - a +0 scale mail
 c - a +1 shield (worn)
 o - a +0 chain mail
 w - a +0 plate armour (worn)
Wands
 e - a wand of paralysis (7)
Scrolls
 h - 2 scrolls of immolation
 k - 2 scrolls of identify
 l - a scroll of enchant armour
 n - a scroll of magic mapping
 t - 3 scrolls of teleportation {unknown}
 u - 2 scrolls of blinking {unknown}
Potions
 d - 2 potions of might
 j - 2 potions of ambrosia {unknown}
 m - 2 potions of curing {unknown}
 p - a potion of lignification {unknown}
 x - a potion of flight {unknown}
 z - a potion of agility {unknown}
Comestibles
 f - 13 rations


   Skills:
 + Level 5.3 Fighting
 * Level 6.1 Axes
 + Level 5.3 Armour
 + Level 3.3 Dodging
 + Level 5.3 Shields
 + Level 1.3 Invocations


You had 6 spell levels left.
You didn't know any spells.
Your spell library was empty.

Dungeon Overview and Level Annotations

Branches:
Dungeon (4/15)             Temple (1/1) D:4

Altars:
Elyvilon
Fedhas
Makhleb
Qazlal
Uskayaw


Innate Abilities, Weirdness & Mutations

You reflexively headbutt those who attack you in melee.
You have a pair of horns on your head.


Message History

You headbutt the ogre, but do no damage.
The ogre is almost dead.
You slash the ogre!
You kill the ogre!
Makhleb accepts your kill.
Your Axes skill increases to level 6!
You block the gnoll's attack.
Your shield and plate armour prevent you from hitting the gnoll.
The gnoll hits you.
* * * LOW HITPOINT WARNING * * *
You closely miss the gnoll. Your headbutt misses the gnoll.
The gnoll hits you but does no damage.
You slash the gnoll!
The gnoll is severely wounded.
The gnoll hits you but does no damage. The gnoll hits you.
* * * LOW HITPOINT WARNING * * *
You hit the gnoll.
The gnoll is severely wounded.
The gnoll hits you.
You die...

#...# #...#
###...#
#.....#
#.#...#
#.#########
#.#.#.#.(.#
#.#..g..#g#
#.##..###@#
#.#?.,,#..#
#.#(,####.#
#.####.#..#
#....(....#
###########


You could see a gnoll.

Vanquished Creatures
  A phantom (Temple)
  An ogre (D:4)
  A gnoll sergeant (Temple)
  A howler monkey (D:3)
  A bullfrog skeleton (D:4)
  2 hounds (D:4)
  4 orc priests
  An iguana (D:4)
  An orc wizard (D:3)
  6 adders
  5 gnolls
  3 oozes
  An adder skeleton (D:4)
  2 dart slugs (D:1)
  4 leopard geckos
  2 orcs (D:3)
  10 bats
  4 giant cockroaches
  9 goblins
  10 hobgoblins
  10 jackals
  7 kobolds
  2 quokkas
  2 ball pythons
  2 frilled lizards (D:2)
  A quokka skeleton (D:4)
  5 rats
98 creatures vanquished.

Notes
Turn   | Place    | Note
-------+----------+-------------------------------------------
     0 | D:1      | Majang the Minotaur Fighter began the quest for the Orb.
     0 | D:1      | Reached XP level 1. HP: 19/19 MP: 0/0
   162 | D:1      | Reached XP level 2. HP: 21/27 MP: 1/1
   193 | D:1      | Reached skill level 3 in Axes
   300 | D:1      | Reached skill level 1 in Dodging
   311 | D:1      | Reached XP level 3. HP: 31/33 MP: 2/2
   626 | D:1      | You fall through a shaft!
  1337 | D:2      | Reached XP level 4. HP: 40/40 MP: 3/3
  2101 | D:3      | Found a blossoming altar of Fedhas.
  2135 | D:3      | Reached skill level 4 in Axes
  2392 | D:4      | Reached XP level 5. HP: 36/46 MP: 4/4
  2445 | D:4      | Noticed a phantom
  2446 | D:4      | Found a staircase to the Ecumenical Temple.
  2457 | Temple   | Entered the Ecumenical Temple
  2539 | Temple   | Became a worshipper of Makhleb the Destroyer
  2556 | Temple   | Reached XP level 6. HP: 46/53 MP: 5/5
  2584 | Temple   | Reached skill level 5 in Axes
  2728 | D:3      | Reached skill level 5 in Armour
  2812 | D:3      | Reached skill level 5 in Fighting
  2812 | D:3      | Reached skill level 5 in Shields
  2917 | D:4      | Reached XP level 7. HP: 61/61 MP: 6/6
  2989 | D:4      | Reached * piety under Makhleb
  2989 | D:4      | Reached skill level 1 in Invocations
  3301 | D:4      | Reached skill level 6 in Axes
  3304 | D:4      | HP: 3/61 [gnoll (6)]
  3305 | D:4      | Slain by a gnoll

Skill      XL: |  1  2  3  4  5  6  7 |
---------------+----------------------+-----
Axes           | 3 4 5 6 |  6.1
Dodging        | 1 2 3 |  3.3
Armour         | 4 5 |  5.3
Shields        | 4 5 |  5.3
Fighting       | 4 5 |  5.3
Invocations    | 1 |  1.3

Action                   |  1- 3 |  4- 6 |  7- 9 || total
-------------------------+-------+-------+-------++-------
Melee: War axe           |   100 |   113 |    39 ||   252
       Headbutt          |     6 |    16 |    13 ||    35
Throw: Tomahawk          |       |       |     1 ||     1
  Use: Scroll            |       |     7 |       ||     7
       Potion            |       |     1 |       ||     1
  Eat: Chunk             |     1 |     6 |       ||     7
Armor: Scale mail        |    34 |       |       ||    34
       Chain mail        |    13 |    18 |       ||    31
       Plate armour      |       |    70 |    27 ||    97
Dodge: Dodged            |    24 |    18 |     6 ||    48
Block: Shield            |    63 |    84 |    17 ||   164
